 Dungeon Crawl Stone Soup version 0.26-a0-466-g989023bd0d (webtiles) character file.

Game seed: 13779416975210279864

32 Ishchenko the Sneak (level 3, -1/24 HPs)
             Began as a Vampire Fire Elementalist on July 30, 2020.
             Shot with an arrow by a centaur (11 damage)
             ... on level 2 of the Dungeon.
             The game lasted 00:07:33 (1200 turns).

Ishchenko the Sneak (Vampire Fire Elementalist)     Turns: 1200, Time: 00:07:33

Health: -1/24      AC:  2    Str:  7    XL:     3   Next: 10%
Magic:  6/6        EV: 13    Int: 18    God:
Gold:   47         SH:  0    Dex: 14    Spells: 2/6 levels left

rFire    + . .     SeeInvis +   d - +0 mace
rCold    . . .     Faith    .   (no shield)
rNeg     . . .     Spirit   .   a - +0 robe
rPois    .         Reflect  .   (no helmet)
rElec    .         Harm     .   (no cloak)
rCorr    .                      (no gloves)
MR       .....                  (no boots)
Stlth    ++........             (no amulet)
HPRegen  0.28/turn              f - ring of protection from fire
MPRegen  0.10/turn              (no ring)

@: regenerating quickly
A: fangs 3, see invisible, unbreathing
a: Exsanguinate


You were on level 2 of the Dungeon.
You visited 1 branch of the dungeon, and saw 2 of its levels.

You collected 47 gold pieces.

Inventory:

Hand Weapons
 d - a +0 mace (weapon)
Missiles
 b - 7 boomerangs (quivered)
Armour
 a - a +0 robe (worn)
Jewellery
 f - a ring of protection from fire (left hand)
Scrolls
 h - a scroll of random uselessness {unknown}
 j - 3 scrolls of fog {unknown}
 l - 2 scrolls of amnesia {unknown}
Potions
 c - a potion of brilliance {unknown}
 e - a potion of stabbing {unknown}
 g - a potion of heal wounds {unknown}
 i - a potion of flight {unknown}
 k - 3 potions of ambrosia {unknown}


   Skills:
 + Level 0.1 Fighting
 + Level 0.2 Maces & Flails
 + Level 2.5 Dodging
 + Level 3.3 Stealth
 + Level 2.2 Spellcasting
 + Level 0.6 Conjurations
 + Level 3.0 Fire Magic


You had 2 spell levels left.
You knew the following spells:

 Your Spells              Type           Power        Failure   Level
a - Foxfire               Conj/Fire      #...         9%          1
b - Conjure Flame         Conj/Fire      #.......     26%         3

Your spell library contained the following spells:

 Spells                   Type           Power        Failure   Level
 Inner Flame              Hex/Fire       #.......     28%         3
 Sticky Flame             Conj/Fire      #.......     63%         4
 Fireball                 Conj/Fire      #.........   93%         5


Dungeon Overview and Level Annotations

Branches:
Dungeon (2/15)

Altars:


Innate Abilities, Weirdness & Mutations

Your natural rate of healing is unusually fast.
You have razor-sharp teeth.
You have supernaturally acute eyesight. (SInv)
You can survive without breathing.


Message History

This spell is extremely dangerous to cast!
Memorise Conjure Flame, consuming 3 spell levels and leaving 2?
You start memorising the spell.
You continue memorising. x3
You finish memorising.
Spell assigned to 'b'.
Okay, then.
You see here a ball python corpse.
You see here a jackal corpse.
A centaur comes into view.
You see here 2 scrolls labeled DUNOROATOCH.
l - 2 scrolls labeled DUNOROATOCH
There are no items here.
You now have 47 gold pieces (gained 8).
A dart slug comes into view.
The centaur shouts!
The centaur wields a +0 shortbow.
The centaur shoots an arrow.
The arrow hits you!
The centaur shoots an arrow.
The arrow hits you!
You see here an arrow.
The centaur shoots an arrow.
The arrow hits you!
You die...

.... .# ....####.#
......cw# .......#
#..... #....#
..###....###
.........c.###########
#...##.#....@........
# ##....##.........
#.....##.....!...
.....###.###....###
....#####.#...####
..#..........###
..#.###..##.##
...##..###†.#
#.......†..##


You could see a centaur.

Vanquished Creatures
  A dart slug (D:1)
  A leopard gecko (D:1)
  A ball python (D:2)
  A giant cockroach (D:1)
  4 goblins (D:1)
  2 hobgoblins
  4 jackals (D:2)
  3 kobolds (D:1)
  3 bats (D:1)
  2 frilled lizards (D:1)
  5 rats
27 creatures vanquished.

Vanquished Creatures (others)
  45 foxfires
45 creatures vanquished.

Grand Total: 72 creatures vanquished

Notes
Turn   | Place    | Note
-------+----------+-------------------------------------------
     0 | D:1      | Ishchenko the Vampire Fire Elementalist began the quest for
                  | the Orb.
     0 | D:1      | Reached XP level 1. HP: 13/13 MP: 3/3
   195 | D:1      | Reached XP level 2. HP: 19/19 MP: 3/5
   280 | D:1      | You fall into a shaft and drop 1 floor!
  1121 | D:2      | Reached XP level 3. HP: 22/24 MP: 1/6
  1180 | D:2      | Learned a level 3 spell: Conjure Flame
  1184 | D:2      | Noticed a centaur
  1200 | D:2      | Shot with an arrow by a centaur

Illustrated notes

Levels and vault maps discovered:
D:1:      minmay_arrival_checkered_box, layout_basic
D:2:      layout_rooms, uniq_terence

Skill      XL: |  1  2 |
---------------+-------+-----
Fire Magic     | 3 |  3.0
Fighting       | |  0.1
Maces & Flails | |  0.2
Dodging        | |  2.5
Stealth        | |  3.3
Spellcasting   | |  2.2
Conjurations   | |  0.6

Action                   || total
-------------------------++-------
Melee: Unarmed           ||     2
       Mace              ||    25
 Cast: Foxfire           ||    33
Armor: Robe              ||    21
Dodge: Dodged            ||    41

Table legend: (Time is in decaauts)
 A = Elapsed time spent in this place.
 B = Non-inter-level travel time spent in this place.
 C = Inter-level travel time spent in this place.
 D = Time resting spent in this place.
 E = Time spent auto-exploring this place.
 F = Levels seen in this place.
 G = Mean time per level.
                   A        B        C        D        E       F      G
               +--------+--------+--------+--------+--------+-----+--------+
         Total |   1209 |   1177 |     32 |    311 |    566 |   2 |  604.5 |
       Dungeon |   1209 |   1177 |     32 |    311 |    566 |   2 |  604.5 |
               +--------+--------+--------+--------+--------+-----+--------+

Top non-repeatable levels by time:
     D:1: 1004 daAuts
     D:2: 205 daAuts
